 Dungeon Crawl Stone Soup version 0.24.0-5-g267a8d59f4 (webtiles) character file.

Game seed: 16256305401580916432, levelgen mode: deterministic

244 mortelune the Firebug (level 5, 0/28 HPs)
             Began as a Deep Elf Fire Elementalist on Nov 1, 2019.
             Killed from afar by an orc wizard (8 damage)
             ... with a magic dart
             ... on level 4 of the Dungeon.
             The game lasted 00:07:39 (4109 turns).

mortelune the Firebug (Deep Elf Fire Elementalist)  Turns: 4109, Time: 00:07:39

Health: 0/28       AC:  3    Str:  5    XL:     5   Next: 83%
Magic:  0/13       EV: 14    Int: 21    God:
Gold:   174        SH:  0    Dex: 15    Spells: 2/12 levels left

rFire    + + .     SeeInvis .   x - +3 hand axe
rCold    + . .     Gourm    .   (no shield)
rNeg     . . .     Faith    .   a - +0 robe
rPois    .         Spirit   .   (no helmet)
rElec    .         Reflect  .   d - scarf {rC+ rF+}
rCorr    .         Harm     .   D - +0 pair of gloves
MR       .....                  (no boots)
Stlth    ++........             (no amulet)
HPRegen  0.09/turn              j - ring of fire
MPRegen  0.13/turn              z - ring of protection from cold

@: about to teleport
A: no striking features
a: no special abilities


You were on level 4 of the Dungeon.
You were not hungry.

You visited 1 branch of the dungeon, and saw 4 of its levels.

You collected 174 gold pieces.

Inventory:

Hand Weapons
 t - a +0 dagger
 x - a +3 hand axe (weapon)
Armour
 a - a +0 robe (worn)
 d - a scarf of resistance (worn)
 D - a +0 pair of gloves (worn)
Jewellery
 j - a ring of fire (left hand)
 k - an uncursed ring of positive energy
 z - a ring of protection from cold (right hand)
Wands
 F - a wand of flame (10)
Scrolls
 e - 2 scrolls of random uselessness {unknown}
 g - 3 scrolls of fog {unknown}
 h - 6 scrolls of identify {unknown}
 l - 3 scrolls of enchant armour {unknown}
 m - 2 scrolls of blinking {unknown}
 n - 2 scrolls of magic mapping {unknown}
 u - 2 scrolls of enchant weapon {unknown}
 w - a scroll of remove curse {unknown}
 y - 2 scrolls of amnesia {unknown}
 C - a scroll of immolation {unknown}
Potions
 b - 2 potions of curing
 f - a potion of invisibility {unknown}
 i - 4 potions of magic {unknown}
 o - a potion of berserk rage {unknown}
 p - a potion of agility {unknown}
 q - 3 potions of flight {unknown}
 r - 2 potions of mutation {unknown}
 v - 2 potions of brilliance {unknown}
 A - a potion of heal wounds {unknown}
 B - a potion of haste {unknown}
 G - a potion of lignification {unknown}
Comestibles
 c - 4 rations
 E - 3 chunks of flesh


   Skills:
 + Level 3.7 Dodging
 - Level 2.4 Stealth
 + Level 4.1 Spellcasting
 * Level 3.7 Conjurations
 * Level 5.0 Fire Magic


You had 2 spell levels left.
You knew the following spells:

 Your Spells              Type           Power        Failure   Level  Hunger
a - Flame Tongue          Conj/Fire      ####.        1%          1    None
b - Throw Flame           Conj/Fire      ####..       3%          2    #......
c - Conjure Flame         Conj/Fire      ####....     6%          3    ###....
d - Sticky Flame          Conj/Fire      ####....     19%         4    ####...

Your spell library contained the following spells:

 Spells                   Type           Power        Failure   Level  Hunger
 Inner Flame              Hex/Fire       ###.....     13%         3    ###....
 Fireball                 Conj/Fire      ####......   47%         5    ######.


Dungeon Overview and Level Annotations

Branches:
Dungeon (4/15)
 Temple: D:4-7

Altars:
Gozag


Message History

Casting: Flame Tongue (safe; 1% risk of failure)
Confirm with . or Enter, or press ? or * to list all spells.
Aiming: Flame Tongue (safe; 1% risk of failure)
Press: ? - help, Shift-Dir - straight line, f/p - orc priest
Aim: an orc priest (heavily wounded)
You feel a surge of power!
The flame tongue misses the orc priest.
The flame tongue hits the orc wizard but does no damage.
The orc priest shouts!
The orc priest miscasts a cantrip.
A worker ant comes into view.
The orc priest calls down the wrath of Beogh upon you.
Beogh smites you!
Ouch! That really hurt!
* * * LOW HITPOINT WARNING * * *
As you read the scroll of teleportation, it crumbles to dust.
You feel strangely unstable.
You feel better. The orc wizard casts a spell at you. The magic dart hits you!
You die...

##### #...##### ########
#...#...# #.......
#...#...##########.......
#...#...#.......##.......
+...+....................
##...#...#..รท....##.......
#.(..o..o@.......########+
#....#..o#.......# #.
#.####...#.......# #. #.
#)..#a......# #. #.
#####.......# #. #o
#.......# #. ..
......##########. ..
.................. #o
#####...########..


You could see a worker ant, 2 orc priests and an orc wizard.

Vanquished Creatures
  2 orc priests (D:4)
  An orc wizard (D:4)
  An iguana (D:4)
  Robin (D:2)
  5 adders
  2 dart slugs (D:1)
  A worm (D:2)
  2 leopard geckos
  5 orcs
  6 bats
  5 giant cockroaches
  9 goblins
  6 hobgoblins
  2 jackals (D:3)
  5 kobolds
  A quokka (D:3)
  A ball python (D:3)
  5 frilled lizards
  8 rats
68 creatures vanquished.

Notes
Turn   | Place    | Note
-------+----------+-------------------------------------------
     0 | D:1      | mortelune the Deep Elf Fire Elementalist began the quest
                  | for the Orb.
     0 | D:1      | Reached XP level 1. HP: 10/10 MP: 6/6
   313 | D:1      | Reached XP level 2. HP: 15/15 MP: 1/8
   372 | D:1      | Learned a level 2 spell: Throw Flame
  1508 | D:2      | Found an opulent altar of Gozag.
  1515 | D:2      | Reached XP level 3. HP: 19/19 MP: 3/9
  1792 | D:2      | Reached skill level 4 in Fire Magic
  1797 | D:2      | Learned a level 3 spell: Conjure Flame
  2526 | D:2      | Noticed Robin
  2567 | D:1      | Reached XP level 4. HP: 13/24 MP: 2/11
  2648 | D:2      | Killed Robin
  3771 | D:3      | Learned a level 4 spell: Sticky Flame
  3778 | D:4      | Reached XP level 5. HP: 26/28 MP: 7/12
  4095 | D:4      | Reached skill level 5 in Fire Magic
  4107 | D:4      | HP: 1/28 [orc priest/divine providence (15)]
  4109 | D:4      | Killed from afar by an orc wizard

Levels and vault maps discovered:
D:1:      psy_arrival_statuary, layout_basic
D:2:      layout_loops_ring, nicolae_gozag_seed_capital, minmay_misc_feat_doors,
          uniq_robin
D:3:      layout_rooms, first_ration
D:4:      layout_basic, minmay_close_crescents

Skill      XL: |  1  2  3  4  5 |
---------------+----------------+-----
Conjurations   | 2 3 |  3.7
Dodging        | 3 |  3.7
Fire Magic     | 4 5 |  5.0
Spellcasting   | 4 |  4.1
Stealth        | |  2.4

Action                   |  1- 3 |  4- 6 || total
-------------------------+-------+-------++-------
 Cast: Flame Tongue      |    44 |    21 ||    65
       Throw Flame       |    28 |    42 ||    70
       Conjure Flame     |     1 |       ||     1
  Use: Scroll            |     1 |     1 ||     2
       Potion            |       |     1 ||     1
  Eat: Chunk             |     4 |     4 ||     8
       Ration            |       |     1 ||     1
Armor: Robe              |     2 |       ||     2
Dodge: Dodged            |    14 |     4 ||    18
